 Dungeon Crawl Stone Soup version 0.26-a0-949-ga0cc1ef5f6 (webtiles) character file.

Game seed: 8406396265105817751

56 TheFalseGod1234 the Digger (level 3, -1/19 HPs)
             Began as a Gargoyle Earth Elementalist on Nov 28, 2020.
             Slain by a worm (5 damage)
             ... on level 1 of the Dungeon.
             The game lasted 00:05:10 (1810 turns).

TheFalseGod1234 the Digger (GrEE)                   Turns: 1810, Time: 00:05:11

Health: -1/19      AC:  8    Str: 11    XL:     3   Next: 97%
Magic:  3/6        EV: 12    Int: 16    God:
Gold:   21         SH:  5    Dex: 10    Spells: 0/6 levels left

rFire    . . .     SeeInvis .   k - +0 club
rCold    . . .     Faith    .   (no shield)
rNeg     + . .     Spirit   .   c - +0 robe
rPois    ∞         Reflect  +   b - +0 helmet (curse)
rElec    +         Harm     .   (no cloak)
rCorr    .         Rampage  .   (no gloves)
MR       .....                  j - +1 pair of boots
Stlth    ++........             g - amulet of reflection
HPRegen  0.06/turn              (no ring)
MPRegen  0.10/turn              (no ring)

@: no status effects
A: negative energy resistance 1, electricity resistance, unbreathing,
petrification resistance, rot immunity, AC +3
a: no special abilities


You were on level 1 of the Dungeon.
You visited 1 branch of the dungeon, and saw 2 of its levels.

You collected 21 gold pieces.

Inventory:

Hand Weapons
 k - a +0 club (weapon)
Armour
 b - a cursed +0 helmet (worn)
 c - a +0 robe (worn)
 f - a +1 helmet
 j - a +1 pair of boots (worn)
Jewellery
 g - an amulet of reflection (around neck)
Scrolls
 d - a scroll of enchant armour {unknown}
 e - a scroll of remove curse {unknown}
 h - a scroll of fog {unknown}
 l - a scroll of identify {unknown}
Potions
 a - a potion of mutation {unknown}
 i - a potion of brilliance {unknown}


   Skills:
 + Level 0.1 Fighting
 + Level 1.8 Dodging
 + Level 2.3 Stealth
 + Level 0.2 Shields
 + Level 1.0 Unarmed Combat
 + Level 2.4 Spellcasting
 + Level 0.7 Transmutations
 + Level 4.7 Earth Magic


You couldn't memorise any spells.
You knew the following spells:

 Your Spells              Type           Power        Failure   Level
a - Sandblast             Erth           ###...       2%          1
b - Stone Arrow           Conj/Erth      #.....       22%         3
c - Passwall              Tmut/Erth      ##......     10%         2

Your spell library contained the following spells:

 Spells                   Type           Power        Failure   Level
 Petrify                  Tmut/Erth      ##......     54%         4
 Lee's Rapid Deconstruct  Erth           ###.......   61%         5


Dungeon Overview and Level Annotations

Branches:
Dungeon (2/15)

Altars:

Annotations:
D:2 Robin


Innate Abilities, Weirdness & Mutations

You are resistant to torment.
Your stone body is resilient. (AC +3)
You are immune to poison.
You resist negative energy. (rN+)
You are resistant to electric shocks. (rElec)
You can survive without breathing.
You are immune to petrification.
You are immune to rotting.


Message History

The adder is heavily wounded.
The adder closely misses you. The worm barely misses you.
You hit the adder.
The adder is severely wounded.
You block the adder's attack. The adder bites you.
You barely miss the adder.
The adder is severely wounded.
The adder bites you. The worm bites you.
* * * LOW HITPOINT WARNING * * *
You block the adder's attack.
You are too injured to fight recklessly!
You are too injured to fight recklessly!
You miss the adder.
The adder is severely wounded.
You block the adder's attack. The worm bites you.
* * * LOW HITPOINT WARNING * * *
You hit the adder but do no damage.
The adder is severely wounded.
The adder barely misses you. The adder misses you. The worm bites you.
You die...

###....>.##...........#
#......##.........#..
#......##.......†.##.
#......##.........##.
#......###+####...###
#......# #.# #...# #
####......# #.# #...# #
#.....wS.## #.# ##'####
####......@.####.# #.....
#................##########
#..........................
#...........###############
####........# #........#
##### ####........### #....
#.............# #....
#.....).#####.## #....


You could see a worm and an adder.

Vanquished Creatures
  2 adders
  A dart slug (D:1)
  2 bats (D:1)
  4 giant cockroaches (D:1)
  5 goblins (D:1)
  6 hobgoblins (D:1)
  4 jackals (D:1)
  3 kobolds (D:1)
  A ball python (D:1)
  3 frilled lizards (D:1)
31 creatures vanquished.

Notes
Turn   | Place    | Note
-------+----------+-------------------------------------------
     0 | D:1      | TheFalseGod1234 the Gargoyle Earth Elementalist began the
                  | quest for the Orb.
     0 | D:1      | Reached XP level 1. HP: 10/10 MP: 3/3
    98 | D:1      | Reached skill level 4 in Earth Magic
   185 | D:1      | Reached XP level 2. HP: 15/15 MP: 3/5
   913 | D:1      | Reached XP level 3. HP: 18/19 MP: 0/6
  1019 | D:1      | Learned a level 3 spell: Stone Arrow
  1022 | D:1      | Learned a level 2 spell: Passwall
  1488 | D:2      | Noticed Robin
  1697 | D:2      | Reached skill level 1 in Unarmed Combat
  1810 | D:1      | Slain by a worm

Illustrated notes

Levels and vault maps discovered:
D:1:      heliophobic_arrival_ceremonial_halls, layout_basic
D:2:      layout_rooms, nicolae_overflow_crystal_walls,
          lemuel_coloured_pillars_altar, uniq_robin

Skill      XL: |  1  2  3 |
---------------+----------+-----
Earth Magic    | 4 |  4.7
Unarmed Combat | 1 |  1.0
Fighting       | |  0.1
Dodging        | |  1.8
Stealth        | |  2.3
Shields        | |  0.2
Spellcasting   | |  2.4
Transmutations | |  0.7

Action                   || total
-------------------------++-------
Melee: Unarmed           ||    43
       Club              ||    56
 Cast: Sandblast         ||    34
       Stone Arrow       ||     5
 Stab: Sleeping          ||     1
Armor: Robe              ||    58
Dodge: Dodged            ||    96
Block: Other             ||    32

Table legend: (Time is in decaauts)
 A = Elapsed time spent in this place.
 B = Non-inter-level travel time spent in this place.
 C = Inter-level travel time spent in this place.
 D = Time resting spent in this place.
 E = Time spent auto-exploring this place.
 F = Levels seen in this place.
 G = Mean time per level.
                   A        B        C        D        E       F      G
               +--------+--------+--------+--------+--------+-----+--------+
         Total |   1830 |   1648 |    182 |    237 |   1013 |   2 |  915.0 |
       Dungeon |   1830 |   1648 |    182 |    237 |   1013 |   2 |  915.0 |
               +--------+--------+--------+--------+--------+-----+--------+

Top non-repeatable levels by time:
     D:1: 1779 daAuts
     D:2: 50 daAuts
